 Dungeon Crawl Stone Soup version 0.29-a0-234-g0dae59b3db (webtiles) character file.

Game seed: 16340125110733711638

235 kae the Chopper (level 5, -4/47 HPs)
             Began as a Minotaur Fighter on Mar 2, 2022.
             Was an Initiate of Makhleb.
             Slain by a gnoll
             ... wielding a +2 spear of distortion
              (18 damage)
             ... on level 4 of the Dungeon.
             The game lasted 00:02:37 (2763 turns).

kae the Chopper (Minotaur Fighter)                  Turns: 2763, Time: 00:02:37

Health: -4/47      AC:  7    Str: 22    XL:     5   Next: 76%
Magic:  4/4        EV:  9    Int:  5    God:    Makhleb [......]
Gold:   117        SH:  0    Dex: 10    Spells: 4/4 levels left

rFire   . . .      SeeInvis .   a - +1 war axe
rCold   . . .      Faith    .   k - orb {light}
rNeg    + . .      Spirit   .   b - +0 scale mail
rPois   +          Reflect  .   (helmet restricted)
rElec   .          Harm     .   (no cloak)
rCorr   .          Rampage  .   (no gloves)
Will    .....                   (no boots)
Stlth   ..........              (no amulet)
HPRegen 0.15/turn               l - ring of positive energy
MPRegen 0.09/turn               m - ring of poison resistance

@: glowing
A: horns 2, retaliatory headbutt
a: Renounce Religion


You were on level 4 of the Dungeon.
You worshipped Makhleb.
Makhleb was noncommittal.
You visited 1 branch of the dungeon, and saw 4 of its levels.

You collected 117 gold pieces.

Inventory:

Hand Weapons
 a - a +1 war axe (weapon)
Armour
 b - a +0 scale mail (worn)
 c - a +0 buckler
 k - an orb of light (worn)
Jewellery
 i - a ring of protection from fire
 l - a ring of positive energy (left hand)
 m - a ring of poison resistance (right hand)
 o - a +6 ring of intelligence
Wands
 g - a wand of iceblast (2)
Scrolls
 p - a scroll of magic mapping
Potions
 d - a potion of might
 e - a potion of flight
 j - a potion of ambrosia
 n - 2 potions of curing


   Skills:
 + Level 4.7 Fighting
 * Level 5.0 Axes
 + Level 4.8 Armour
 + Level 4.7 Shields
 + Level 0.1 Invocations


You had 4 spell levels left.
You didn't know any spells.
Your spell library contained the following spells:

 Spells                   Type           Power      Damage    Failure   Level
 Sandblast                Erth           0%         2d4       78%         1
 Passwall                 Tmut/Erth      0%         N/A       89%         2
 Stone Arrow              Conj/Erth      0%         3d7       98%         3


Dungeon Overview and Level Annotations

Branches:
Dungeon (4/15)
 Temple: D:4-7

Altars:
Makhleb
Xom


Innate Abilities, Weirdness & Mutations

You have a pair of horns on your head.
You reflexively headbutt those who attack you in melee.


Message History

You hit the gnoll.
The gnoll is moderately wounded.
You hit the gnoll. The gnoll hits you with a +0 spear.
The gnoll hits you with a +0 flail.
The gnoll hits you from afar with a +2 spear of distortion.
You blink.
A worm and an adder come into view.
Found a scroll labelled PIUQUUWN GAPOEPO.
The worm moves out of view.
You are too injured to fight recklessly!
You are too injured to fight recklessly!
You are too injured to fight recklessly!
You are too injured to fight recklessly!
You are too injured to fight recklessly!
You are too injured to fight recklessly!
You are too injured to fight recklessly!
You are too injured to fight recklessly!
You are too injured to fight recklessly!
You hit the adder.
The adder is moderately wounded.
The adder bites you.
An adder comes into view.
The adder barely misses you. You furiously retaliate!
You headbutt the adder!
You kill the adder!
Makhleb accepts your kill.
The adder hisses angrily.
The adder barely misses you. The adder bites you but does no damage.
The gnoll hits you with a +0 flail. The gnoll closely misses you.
The hound misses you.
You slash the gnoll!
You kill the gnoll!
Makhleb accepts your kill.
You barely miss the hound. The hound bites you but does no damage.
The gnoll hits you from afar with a +0 spear.
* * * LOW HITPOINT WARNING * * *
The adder barely misses you. The hound closely misses you.
You furiously retaliate!
You headbutt the hound.
Your Axes skill increases to level 5!
The gnoll hits you but does no damage. Space warps horribly around you!!
You die...

## ##. ##### .##...
...###....
########.##...##
.......<....#..###
#####..)..@.S>...##
#......#hS..?.##.
#....gg#.........
#......g#...#....
#...........# ###
#....)..#....#
##....(.#........
#.######...###...
..### ..


You could see a hound, 3 gnolls and 2 adders.

Vanquished Creatures
  A crimson imp (D:3)
  An iguana (D:3)
  4 gnolls
  6 adders
  3 worms
  5 dart slugs
  An orc (D:3)
  4 ball pythons
  2 endoplasms
  A giant cockroach (D:2)
  8 goblins
  2 hobgoblins
  11 jackals (D:2)
  3 quokkas
  7 bats
  3 frilled lizards
  A kobold (D:3)
  3 rats
66 creatures vanquished.

Notes
Turn   | Place    | Note
-------+----------+-------------------------------------------
     0 | D:1      | kae the Minotaur Fighter began the quest for the Orb.
     0 | D:1      | Reached XP level 1. HP: 19/19 MP: 0/0
   435 | D:1      | Found a faded altar of an unknown god.
   491 | D:1      | Reached XP level 2. HP: 27/27 MP: 1/1
   592 | D:1      | Reached skill level 3 in Axes
  1240 | D:2      | Reached XP level 3. HP: 31/33 MP: 2/2
  1411 | D:2      | Reached XP level 4. HP: 39/40 MP: 3/3
  1535 | D:2      | Reached skill level 4 in Axes
  2224 | D:3      | Reached XP level 5. HP: 47/47 MP: 4/4
  2414 | D:3      | Found a shimmering altar of Xom.
  2414 | D:3      | Found a burning altar of Makhleb.
  2510 | D:3      | Became a worshipper of Makhleb the Destroyer
  2763 | D:4      | Reached skill level 5 in Axes
  2763 | D:4      | Slain by a gnoll

Illustrated notes

Levels and vault maps discovered:
D:1:      tarquinn_simple_flora_water_a, layout_loops_ring,
          nicolae_ecumenical_lake_church
D:2:      layout_basic
D:3:      layout_basic, grunt_temple_overflow_champion_of_chaos,
          small_statue_intersection
D:4:      layout_rooms, mainiacjoe_overflow_alcove_1, okawaru_ov_weapons_minmay,
          grunt_temple_overflow_open

Skill      XL: |  1  2  3  4  5 |
---------------+----------------+-----
Axes           | 3 4 5 |  5.0
Fighting       | 4 |  4.7
Armour         | 4 |  4.8
Shields        | 4 |  4.7
Invocations    | |  0.1

Action                   |  1- 3 |  4- 6 || total
-------------------------+-------+-------++-------
Melee: War axe           |    60 |    64 ||   124
       Headbutt          |     5 |     8 ||    13
  Use: Scroll            |     6 |     4 ||    10
Armor: Scale mail        |    34 |    28 ||    62
Dodge: Dodged            |    38 |    32 ||    70
Block: Buckler           |     5 |       ||     5

Table legend: (Time is in decaauts)
 A = Elapsed time spent in this place.
 B = Non-inter-level travel time spent in this place.
 C = Inter-level travel time spent in this place.
 D = Time resting spent in this place.
 E = Time spent auto-exploring this place.
 F = Levels seen in this place.
 G = Mean time per level.
                   A        B        C        D        E       F      G
               +--------+--------+--------+--------+--------+-----+--------+
         Total |   2801 |   2633 |    168 |     24 |   2205 |   4 |  700.2 |
       Dungeon |   2801 |   2633 |    168 |     24 |   2205 |   4 |  700.2 |
               +--------+--------+--------+--------+--------+-----+--------+

Top non-repeatable levels by time:
     D:1: 1153 daAuts
     D:2: 876 daAuts
     D:3: 757 daAuts
     D:4: 14 daAuts
